% Time on Ice - PHOENIX MUSTANGS
Lines # - Real PCT - Wanted PCT - Time Play
Normal Forward
1 - 32% - 35% - 16:37
2 - 30% - 32% - 15:27
3 - 26% - 24% - 13:30
4 - 12% - 9% - 6:30
Normal Defense
1 - 34% - 40% - 17:32
2 - 35% - 38% - 18:00
3 - 32% - 22% - 16:32
4 - 0% - 0% - 0:00
PP Forward
1 - 50% - 60% - 1:59
2 - 50% - 40% - 1:59
PP Defense
1 - 65% - 58% - 2:34
2 - 35% - 42% - 1:24
PK Forward
1 - 44% - 50% - 0:52
2 - 56% - 50% - 1:07
PK Defense
1 - 54% - 58% - 1:04
2 - 46% - 42% - 0:55
PK3 Forward
1 - 0% - 50%
2 - 0% - 50%
PK3 Defense
1 - 0% - 50%
2 - 0% - 50%
44 Forward
1 - 49% - 50% - 0:58
2 - 51% - 50% - 1:01
44 Defense
1 - 48% - 50% - 0:57
2 - 52% - 50% - 1:02
Last Minute Offensive  - 0:00
Last Minute Defensive  - 0:00
Total
Forward - 60:00
Defense - 60:00
% Time on Ice - SAN DIEGO THUNDER
Lines # - Real PCT - Wanted PCT - Time Play
Normal Forward
1 - 32% - 34% - 16:36
2 - 29% - 31% - 15:05
3 - 29% - 29% - 15:16
4 - 10% - 6% - 5:07
Normal Defense
1 - 23% - 38% - 11:55
2 - 39% - 36% - 20:13
3 - 36% - 26% - 18:45
4 - 2% - 0% - 1:11
PP Forward
1 - 42% - 55% - 0:50
2 - 58% - 45% - 1:09
PP Defense
1 - 100% - 55% - 1:59
2 - 0% - 45% - 0:00
PK Forward
1 - 79% - 60% - 3:07
2 - 21% - 40% - 0:51
PK Defense
1 - 87% - 55% - 3:27
2 - 13% - 45% - 0:31
PK3 Forward
1 - 0% - 55%
2 - 0% - 45%
PK3 Defense
1 - 0% - 55%
2 - 0% - 45%
44 Forward
1 - 82% - 55% - 1:38
2 - 18% - 45% - 0:21
44 Defense
1 - 50% - 55% - 1:00
2 - 50% - 45% - 0:59
Last Minute Offensive  - 0:00
Last Minute Defensive  - 0:00
Total
Forward - 60:00
Defense - 60:00
Play-by-Play 1st period 0:01 of 1st period - Mark Scheifele wins face-off versus John Tavares in neutral zone. 0:14 of 1st period - Shot by Brandon Saad. 0:14 of 1st period - Shot Misses the Net. 0:37 of 1st period - Brandon Saad is hit by Damon Severson and loses puck. 2:02 of 1st period - Shot by Dustin Brown. 2:02 of 1st period - Stopped by Connor Hellebuyck with a rebound. 2:04 of 1st period - Shot by Marco Scandella. 2:04 of 1st period - Shot Misses the Net. 2:06 of 1st period - Shot by Jesper Fast. 2:06 of 1st period - Shot Blocked by Connor Murphy. 2:06 of 1st period - Connor Murphy from SAN DIEGO THUNDER is injured at 2:06 of 1st period (Back). 2:07 of 1st period - Blake Coleman wins face-off versus Ondrej Kase in SAN DIEGO THUNDER zone. 3:26 of 1st period - Shot by Mark Scheifele. 3:26 of 1st period - Shot Misses the Net. 3:50 of 1st period - Shot by Mark Scheifele. 3:50 of 1st period - Shot Misses the Net. 3:58 of 1st period - Shot by Brandon Saad. 3:58 of 1st period - Shot Misses the Net. 4:17 of 1st period - David Perron is hit by Erik Cernak and loses puck. 4:30 of 1st period - Shot by Logan Couture. 4:30 of 1st period - Stopped by Jack Campbell with a rebound. 4:33 of 1st period - Jordan Greenway is hit by Radko Gudas and loses puck. 5:35 of 1st period - Damon Severson is hit by Isac Lundestrom and loses puck. 5:48 of 1st period - Shot by Brandon Saad. 5:48 of 1st period - Goal by Brandon Saad - PHOENIX MUSTANGS : 0 - SAN DIEGO THUNDER : 1. 5:49 of 1st period - Frederick Gaudreau wins face-off versus Marcus Foligno in neutral zone. 6:39 of 1st period - Minor Penalty to Jordan Greenway for Roughing. 6:40 of 1st period - Blake Coleman wins face-off versus Clayton Keller in SAN DIEGO THUNDER zone. 6:40 of 1st period - Blake Coleman is hit by Teuvo Teravainen. 7:14 of 1st period - Shot by John Tavares. 7:14 of 1st period - Shot Misses the Net. 7:41 of 1st period - Off-side. 7:42 of 1st period - Jesper Fast wins face-off versus Blake Coleman in neutral zone. 8:48 of 1st period - Icing by Drake Batherson. 8:49 of 1st period - Jason Spezza wins face-off versus Jordan Greenway in SAN DIEGO THUNDER zone. 9:18 of 1st period - Icing by Charles McAvoy. 9:19 of 1st period - Logan Couture wins face-off versus John Tavares in SAN DIEGO THUNDER zone. 9:36 of 1st period - Teuvo Teravainen is hit by Erik Cernak and loses puck. 10:34 of 1st period - Off-side. 10:35 of 1st period - Frederick Gaudreau wins face-off versus Mark Scheifele in neutral zone. 12:17 of 1st period - Shot by John Tavares. 12:17 of 1st period - Shot Misses the Net. 12:19 of 1st period - Shot by John Tavares. 12:19 of 1st period - Stopped by Connor Hellebuyck without a rebound. 12:20 of 1st period - Logan Couture wins face-off versus Jonathan Miller in SAN DIEGO THUNDER zone. 12:41 of 1st period - Shot by Drake Batherson. 12:41 of 1st period - Stopped by Jack Campbell with a rebound. 13:23 of 1st period - Mark Scheifele is hit by Radko Gudas and loses puck. 13:57 of 1st period - Icing by Teuvo Teravainen. 13:58 of 1st period - Blake Coleman wins face-off versus John Tavares in PHOENIX MUSTANGS zone. 14:04 of 1st period - Blake Coleman is hit by Radko Gudas and loses puck. 14:35 of 1st period - Shot by Ondrej Kase. 14:35 of 1st period - Shot Misses the Net. 14:51 of 1st period - Damon Severson is hit by Drake Batherson and loses puck. 15:45 of 1st period - Andrew Copp is hit by Erik Cernak and loses puck. 16:46 of 1st period - Shot by Jesper Fast. 16:46 of 1st period - Shot Blocked by Austin Czarnik. 16:48 of 1st period - Shot by Jesper Fast. 16:48 of 1st period - Shot Misses the Net. 16:50 of 1st period - Shot by Jesper Fast. 16:50 of 1st period - Shot Blocked by Derek Forbort. 16:52 of 1st period - Shot by Jesper Fast. 16:52 of 1st period - Stopped by Connor Hellebuyck without a rebound. 16:53 of 1st period - John Tavares wins face-off versus Logan Couture in SAN DIEGO THUNDER zone. 17:09 of 1st period - Off-side. 17:10 of 1st period - Marcus Foligno wins face-off versus Frederick Gaudreau in neutral zone. 17:15 of 1st period - Shot by Mark Scheifele. 17:15 of 1st period - Goal by Mark Scheifele - PHOENIX MUSTANGS : 0 - SAN DIEGO THUNDER : 2. 17:16 of 1st period - John Tavares wins face-off versus Mark Scheifele in neutral zone. 17:19 of 1st period - Shot by John Tavares. 17:19 of 1st period - Stopped by Connor Hellebuyck with a rebound. 17:26 of 1st period - Off-side. 17:27 of 1st period - John Tavares wins face-off versus Blake Coleman in neutral zone. 18:20 of 1st period - Derek Forbort is hit by Clayton Keller and loses puck. 18:30 of 1st period - Icing by Mark Scheifele. 18:31 of 1st period - Jonathan Miller wins face-off versus Mark Scheifele in SAN DIEGO THUNDER zone. 18:56 of 1st period - Shot by Andrew Copp. 18:56 of 1st period - Deflect By Jonathan Miller. 18:56 of 1st period - Shot Misses the Net. 19:33 of 1st period - Shot by Dustin Brown. 19:33 of 1st period - Stopped by Connor Hellebuyck without a rebound. 19:34 of 1st period - Blake Coleman wins face-off versus Jason Spezza in SAN DIEGO THUNDER zone. 19:59 of 1st period - Shot by Charles McAvoy. 19:59 of 1st period - Stopped by Jack Campbell without a rebound. Goals for this period are 0 for PHOENIX MUSTANGS vs 2 for SAN DIEGO THUNDER. Shots for this period are 5 for PHOENIX MUSTANGS vs 5 for SAN DIEGO THUNDER. 2nd period 0:01 of 2nd period - John Tavares wins face-off versus Blake Coleman in neutral zone. 0:11 of 2nd period - Teuvo Teravainen is hit by Alexandre Carrier and loses puck. 0:33 of 2nd period - Icing by Charles McAvoy. 0:34 of 2nd period - Frederick Gaudreau wins face-off versus Blake Coleman in SAN DIEGO THUNDER zone. 0:34 of 2nd period - Jesper Fast is hit by Charles McAvoy and loses puck. 1:07 of 2nd period - Shot by Jesper Fast. 1:07 of 2nd period - Stopped by Connor Hellebuyck without a rebound. 1:08 of 2nd period - John Tavares wins face-off versus Logan Couture in SAN DIEGO THUNDER zone. 1:25 of 2nd period - Shot by Teuvo Teravainen. 1:25 of 2nd period - Goal by Teuvo Teravainen - PHOENIX MUSTANGS : 1 - SAN DIEGO THUNDER : 2. 1:26 of 2nd period - Jonathan Miller wins face-off versus Brandon Saad in neutral zone. 1:26 of 2nd period - Andrew Copp is hit by Marcus Foligno and loses puck. 2:03 of 2nd period - Andrew Copp is hit by Derek Forbort and loses puck. 2:33 of 2nd period - Icing by Erik Cernak. 2:34 of 2nd period - Logan Couture wins face-off versus John Tavares in SAN DIEGO THUNDER zone. 2:57 of 2nd period - Shot by Drake Batherson. 2:57 of 2nd period - Shot Misses the Net. 2:59 of 2nd peri